 Dungeon Sprint DCSS version 0.18.1-50-g88ac8fd (webtiles) character file.

1620 magog001 the Sharpshooter (level 8, -11/73 HPs)
             Began as a Minotaur Hunter on May 29, 2017.
             Shot with an arrow by a centaur warrior (19 damage)
             ... in the Dungeon (Sprint II: "The Violet Keep of Menkaure").
             The game lasted 00:11:52 (814 turns).

magog001 the Sharpshooter (Minotaur Hunter)          Turns: 814, Time: 00:11:52

Health: -11/73     AC:  0    Str: 18    XL:     8   Next: 64%
Magic:  7/7        EV: 18    Int:  8    God:
Gold:   26         SH:  3    Dex: 12    Spells: 0 memorised, 7 levels left

rFire  . . .     SeeInvis .     (weapon currently unavailable)
rCold  . . .     Gourm    .     (armour currently unavailable)
rNeg   . . .     Faith    .     (shield currently unavailable)
rPois  .         Spirit   .     (helmet currently unavailable)
rElec  .         Dismiss  .     (cloak currently unavailable)
rCorr  .         Reflect  +     (gloves currently unavailable)
SustAt .         Harm     .     (boots currently unavailable)
MR     .....     NoTele   +     e - +3 amulet of reflection
Stlth  +.........               (ring currently unavailable)
                                (ring currently unavailable)

@: exhausted, pig-form, hasted and slowed, glowing, very quick, not resistant to
hostile enchantments, very unstealthy
A: (retaliatory headbutt), (horns 0)
a: no special abilities


You were in the Dungeon.
You were not hungry.
You were a filthy swine.
You visited 1 branch You collected 972 gold pieces.
You spent 946 gold pieces at shops.

Inventory:

Hand Weapons
 a - a +1 hand crossbow
 b - a +0 short sword (melded)
Armour
 l - a +2 pair of gloves of dexterity (melded)
 m - a +3 leather armour of poison resistance (melded)
 n - a +1 pair of boots of stealth (melded)
 r - a +0 shield (melded)
Jewellery
 e - a +3 amulet of reflection (around neck)
Scrolls
 k - a scroll of blinking
Potions
 i - 2 potions of magic
 o - a potion of curing
Comestibles
 f - a bread ration
 g - 6 chunks of flesh
 p - a beef jerky
 q - a slice of pizza


   Skills:
 * Level 7.0 Fighting
 + Level 0.2 Short Blades
 * Level 17.5 Crossbows
 + Level 4.6 Armour
 * Level 7.7 Dodging
 + Level 1.3 Stealth


You had 7 spell levels left.
You didn't know any spells.

Dungeon Overview and Level Annotations

Branches:
Dungeon (1/1)

Altars:
Dithmenos
Elyvilon
Gozag
Kikubaaqudgha
Okawaru
Qazlal
Ru
Trog
Zin
The Shining One

Shops:
D :%:(?![=!(:[===}

Annotations:
D exclusion: oklob plant, Kirke


Innate Abilities, Weirdness & Mutations

((You reflexively headbutt those who attack you in melee.))
((You have a pair of horns on your head.))


Message History

Drink which item? (? for menu, Esc to quit)
You feel better.
Drink which item? (? for menu, Esc to quit)
You feel yourself speed up.
The sphinx casts a spell.
Something smites you!
* * * LOW HITPOINT WARNING * * *
Something hits you.
* * * LOW HITPOINT WARNING * * *
You hear some strange, mumbled words.
You turn into a filthy swine.
Your +0 short sword melds into your body.
Your +2 pair of gloves of dexterity melds into your body.
Your +1 pair of boots of stealth melds into your body.
Your +0 shield melds into your body.
Your +3 leather armour of poison resistance melds into your body.
You feel clumsy.
You feel less stealthy.
You no longer feel resistant to poison.
The centaur warrior shoots an arrow.
The arrow hits you!!
You die...

+§§≈§§8§≈≈§§# . ##§§§≈§≈§§≈
c@(≈## ≈§§≈§
##########(≈#+++#+++##
#########≈≈@..((cz...#
........#≈≈≈≈.##(##..#
....⌠...#≈≈≈≈##c#(##.####
...∩.∩..#≈≈≈≈#..#{H#....#
..∩.∩.∩.#≈≈#####h#####..##
.∩.∩.∩.∩#≈##.###+###.##..#
∩.∩...∩.#≈#...##.##...#..#
.∩.....∩+≈+##.+.<.+.#.+..### #
∩.......#≈#...##.##...#....###...
▓▓▓▓▓▓###≈##.###+###.##......≈≈≈≈
[hh######≈≈####..#####§≈.....≈#'#
)(G#GG ##≈≈≈#..##.#≈≈≈≈≈§≈).≈#..
∩P$+G$#+ #†#≈##.#.##≈≈≈≈≈≈≈≈.≈#..


You could see a sphinx and a centaur warrior.

Vanquished Creatures
  A kobold demonologist (D)
  Menkaure (D)
  4 necrophages (D)
  A crocodile (D)
  A scorpion (D)
  4 worker ants (D)
  3 worms (D)
15 creatures vanquished.

Vanquished Creatures (others)
  A yaktaur captain (D)
  A siren (D)
  A crocodile (D)
3 creatures vanquished.

Grand Total: 18 creatures vanquished

Notes
Turn   | Place    | Note
--------------------------------------------------------------
     0 | D        | magog001 the Minotaur Hunter began the quest for the Orb.
     0 | D        | Reached XP level 1. HP: 18/18 MP: 0/0
     1 | D        | Noticed a necrophage
     1 | D        | Noticed a necrophage
     1 | D        | Noticed a necrophage
     1 | D        | Noticed a necrophage
     8 | D        | Killed a necrophage
     8 | D        | Reached skill level 9 in Crossbows
     8 | D        | Reached skill level 1 in Armour
     8 | D        | Reached XP level 2. HP: 15/25 MP: 1/1
     8 | D        | Reached XP level 3. HP: 18/30 MP: 2/2
     8 | D        | Reached XP level 4. HP: 23/37 MP: 3/3
    10 | D        | Killed a necrophage
    10 | D        | Reached skill level 11 in Crossbows
    10 | D        | Reached XP level 5. HP: 28/45 MP: 4/4
    17 | D        | Killed a necrophage
    17 | D        | Reached skill level 12 in Crossbows
    28 | D        | Killed a necrophage
    28 | D        | Reached skill level 13 in Crossbows
    28 | D        | Reached XP level 6. HP: 15/51 MP: 5/5
    59 | D        | Noticed a siren
    59 | D        | Noticed Menkaure
    69 | D        | Killed Menkaure
    69 | D        | Reached skill level 14 in Crossbows
   116 | D        | Killed a siren
   428 | D        | Reached skill level 5 in Dodging
   442 | D        | Reached skill level 5 in Fighting
   442 | D        | Reached XP level 7. HP: 51/61 MP: 6/6
   445 | D        | Reached skill level 1 in Stealth
   583 | D        | Found a glowing golden altar of the Shining One.
   584 | D        | Found a glowing silver altar of Zin.
   584 | D        | Found a shadowy altar of Dithmenos.
   585 | D        | Found an opulent altar of Gozag.
   585 | D        | Found a stormy altar of Qazlal.
   586 | D        | Found a bloodstained altar of Trog.
   586 | D        | Found an iron altar of Okawaru.
   586 | D        | Found an ancient bone altar of Kikubaaqudgha.
   586 | D        | Found a white marble altar of Elyvilon.
   586 | D        | Found a sacrificial altar of Ru.
   610 | D        | Found Cetzif's Jewellery Shoppe.
   610 | D        | Found Liuviytu's Jewellery Shoppe.
   610 | D        | Found Focu's Antique Armour Emporium.
   610 | D        | Found Bishrim's Jewellery Emporium.
   610 | D        | Found Buhank's Antique Weapon Shoppe.
   610 | D        | Found Jyvom's Book Shoppe.
   611 | D        | Found Waecid's Distillery.
   611 | D        | Found Apanieb's Jewellery Emporium.
   612 | D        | Found Ytoacho's Antique Armour Shoppe.
   612 | D        | Found Etoefig's Distillery.
   613 | D        | Found Asmaopn's Gadget Emporium.
   613 | D        | Noticed a hell hog
   614 | D        | Found Pugake's Magic Scroll Shoppe.
   614 | D        | Found Retsojof's Weapon Emporium.
   614 | D        | Noticed a hell hog
   614 | D        | Noticed an oklob plant
   615 | D        | Found Egrausk's Food Shoppe.
   615 | D        | Found Uhosuy's Book Emporium.
   615 | D        | Found Ycvennomn's Book Shoppe.
   618 | D        | Noticed a great orb of eyes
   619 | D        | Bought a +3 amulet of reflection for 350 gold pieces
   624 | D        | Noticed a shining eye
   624 | D        | Noticed a shining eye
   626 | D        | Bought a pair of glowing gloves for 121 gold pieces
   626 | D        | Bought a dyed leather armour for 54 gold pieces
   626 | D        | Bought a pair of embroidered boots for 121 gold pieces
   650 | D        | Bought a potion of curing for 42 gold pieces
   650 | D        | Bought a potion of curing for 42 gold pieces
   657 | D        | Bought a scroll of enchant armour for 90 gold pieces
   657 | D        | Bought a scroll of enchant armour for 90 gold pieces
   659 | D        | Noticed a shining eye
   660 | D        | Bought a beef jerky for 18 gold pieces
   660 | D        | Bought a slice of pizza for 18 gold pieces
   683 | D        | Reached skill level 15 in Crossbows
   727 | D        | Noticed a flying skull
   729 | D        | Noticed a flying skull
   730 | D        | Noticed a flying skull
   730 | D        | Noticed a flying skull
   730 | D        | Noticed a flying skull
   730 | D        | Noticed a flying skull
   731 | D        | Noticed a flying skull
   731 | D        | Noticed a flying skull
   731 | D        | Noticed a flying skull
   731 | D        | Noticed a flying skull
   731 | D        | Noticed a flying skull
   731 | D        | Noticed a flying skull
   770 | D        | Noticed an orange crystal statue
   773 | D        | Noticed Kirke
   773 | D        | Noticed a skeletal warrior
   773 | D        | Noticed a yaktaur captain
   782 | D        | Noticed a redback
   783 | D        | Killed a yaktaur captain
   783 | D        | Reached skill level 17 in Crossbows
   783 | D        | Reached XP level 8. HP: 71/71 MP: 7/7
   784 | D        | Noticed a kobold demonologist
   785 | D        | Noticed a centaur warrior
   795 | D        | Killed a kobold demonologist
   812 | D        | Noticed a sphinx
   814 | D        | Shot with an arrow by a centaur warrior

Skill      XL: |  1  2  3  4  5  6  7  8 |
---------------+-------------------------+-----
Fighting       | 3 4 5 6 7 |  7.0
Crossbows      | 9 11 13 14 17 | 17.5
Armour         | 1 2 4 |  4.6
Dodging        | 3 4 5 7 |  7.7
Stealth        | 1 |  1.3
Short Blades   | |  0.2

Action                   |  1- 3 |  4- 6 |  7- 9 || total
-------------------------+-------+-------+-------++-------
Melee: Short sword       |       |     5 |    11 ||    16
       Headbutt          |       |     1 |     1 ||     2
 Fire: Hand crossbow     |     7 |    33 |    28 ||    68
  Use: Potion            |       |     2 |     3 ||     5
       Scroll            |       |       |     2 ||     2
Armor: Leather armour    |     1 |     3 |     1 ||     5
Dodge: Dodged            |     5 |    10 |    14 ||    29
Block: Shield            |       |       |     8 ||     8
       Reflection        |       |       |     4 ||     4
       Other             |       |       |     1 ||     1
